Cogmind - Beta 13 @@@ ROGUE MODE // 2024.04.17 @ 17:38:34 Player: SVIT13 Result: Self-destructed Performance ------------- Evolutions (1) 500 Regions Visited (2) 400 Robots Destroyed (37) 185 Value Destroyed (760) 760 Prototype IDs (3) 60 Alien Tech Used (0) 0 Bonus (0) 0 TOTAL SCORE: 1905 Bonus ------- None Cogmind --------- Core Integrity 102/400 Matter 17/300 Energy 45/100 System Corruption 0% Temperature Critical (555) Movement Rolling (125) Ox3 Location -9/Materials Parts ------- > --- POWER (1) -------- (None) > --- PROPULSION (2) --- Wheel > --- UTILITY (3) ------ Large Storage Unit Sensor Array Hardened Light Armor Plating > --- WEAPON (3) ------- Flak Cannon Flak Cannon > --- INVENTORY (15) --- Light Treads Light Treads Light Treads Light Treads Small Storage Unit Improved Terrain Scanner Utility Shielding Light Armor Plating Authchip [R/NC] Authchip [R/Combat] Authchip [Processor] Improved Assault Rifle Datajack Peak State ------------ > --- POWER ------------ Improved Ion Engine > --- PROPULSION ------- Light Treads Improved VTOL Module > --- UTILITY ---------- Small Storage Unit Sensor Array Light Armor Plating > --- WEAPON ----------- Flak Cannon Flak Cannon Flak Cannon > --- INVENTORY -------- Light Treads Light Treads Light Treads Wheel Improved Terrain Scanner Utility Shielding Flak Cannon Datajack [Rating: 20] Favorites ----------- Power Light Ion Engine Engine Light Ion Engine Propulsion Light Treads Treads Light Treads Wheel Wheel Flight Unit Improved Flight Unit Utility Sensor Array Device Sensor Array Storage Small Storage Unit Protection Light Armor Plating Weapon Flak Cannon Ballistic Gun Light Assault Rifle Ballistic Cannon Flak Cannon Special Melee Weapon Datajack Build | -11 -10 -9 ------- Run | Yrd Mat Mat Slots Evolved 2 | . . 2 Power . | . . . Propulsion . | . . . Utility 1 | . . 1 Weapon 1 | . . 1 Parts Attached 33 | 7 3 23 Power 4 | 1 . 3 Engine 4 | 1 . 3 Core . | . . . Reactor . | . . . Propulsion 10 | 2 2 6 Treads 4 | 2 1 1 Leg . | . . . Wheel 4 | . 1 3 Hover . | . . . Flight 2 | . . 2 Utility 10 | 2 1 7 Device 3 | 1 1 1 Storage 2 | 1 . 1 Processor . | . . . Hackware . | . . . Protection 5 | . . 5 Artifact . | . . . Weapon 9 | 2 . 7 Energy Gun . | . . . Energy Cannon . | . . . Ballistic Gun 3 | 2 . 1 Ballistic Cannon 5 | . . 5 Launcher . | . . . Special Weapon . | . . . Impact Weapon . | . . . Slashing Weapon . | . . . Piercing Weapon . | . . . Special Melee Weapon 1 | . . 1 Unidentified Prototypes 3 | . . 3 Parts Lost 6 | . . 6 Power 3 | . . 3 Propulsion 2 | . . 2 Utility . | . . . Weapon 1 | . . 1 Highest Loss Streak 4 | . . 4 To Critical Strikes . | . . . Average Slot Usage (%) 94 | . 100 93 Engine 9 | . 14 8 Treads 15 | . 27 12 Wheel 7 | . . 8 Device 11 | . 14 10 Storage 11 | . 14 11 Protection 8 | . . 11 Ballistic Gun 9 | . 28 4 Ballistic Cannon 20 | . . 25 Naked Turns . | . . . Heaviest Build 49 | 11 11 49 Greatest Support 40 | 40 40 40 Greatest Overweight (x) 4 | . 1 4 Average Overweight (x) 1 | . . 1 Largest Inventory Capacity 15 | 8 8 15 Average Capacity 10 | 7 8 11 Most Carried 15 | 4 5 15 Average Carried 7 | 2 4 9 Final Capacity 15 | 8 8 15 Final Carried 13 | 2 5 13 Class Distribution -------------------- 49% | Tank 46% | Mutant 3% | Skirmisher Dominant Class ---------------- Mutant | -10/Materials Tank | -9/Materials Resources | -11 -10 -9 ----------- Run | Yrd Mat Mat Matter Collected 1169 | 306 48 815 Remotely . | . . . Salvage Created 940 | 138 58 744 Parts 53 | 10 3 40 Haulers Intercepted 3 | . . 3 Recyclers Shooed 1 | . . 1 Parts Field Recycled . | . . . Retrieved Matter . | . . . Parts Self-Destructed . | . . . Prevented . | . . . Kills | -11 -10 -9 ------- Run | Yrd Mat Mat Combat Hostiles Destroyed 17 | . 2 15 Guns 3 | . 2 1 Cannons 14 | . . 14 Classes Destroyed 12 | 3 2 7 Worker 5 | 1 . 4 Builder 2 | . . 2 Tunneler 4 | 3 . 1 Hauler 3 | . . 3 Recycler 4 | 1 . 3 Operator 1 | . . 1 Watcher 1 | . . 1 Swarmer 1 | . 1 . Grunt 11 | . 1 10 Brawler 1 | . . 1 Duelist 1 | . . 1 Sentry 3 | . . 3 Best Kill Streak 8 | 2 1 8 Combat Bots Only 3 | . 1 3 Max Kills in Single Turn 2 | 1 1 2 Gunslinging . | . . . Exploded . | . . . Melee . | . . . Uniques/NPCs Destroyed . | . . . Combat | -11 -10 -9 -------- Run | Yrd Mat Mat Hostile Shots Fired 106 | . 16 90 Missed 19 | . 3 16 Damage Taken 1299 | . 145 1154 Core 322 | . 24 298 Absorbed by Shields . | . . . Regen/Repaired (Parts) 47 | . . 47 Core Remaining (%) 95 | 100 90 . Volleys Fired 93 | 19 17 57 Largest 3 | 2 2 3 Hottest 132 | 40 40 132 Shots Fired 227 | 38 34 155 Gun 82 | 38 34 10 Cannon 145 | . . 145 Launcher . | . . . Special . | . . . Kinetic 227 | 38 34 155 Thermal . | . . . Explosive . | . . . Electromagnetic . | . . . Robot Hit Streak 11 | 8 9 11 Robot Miss Streak 15 | 4 2 15 Penetration Max . | . . . Secondary Targets . | . . . Shots Hit Robots 161 | 22 23 116 Core Hits 110 | 11 6 93 Critical Kills 1 | . . 1 Critical Parts Destroyed . | . . . Critical Strikes 1 | . . 1 Destroy 1 | . . 1 Melee Attacks . | . . . Impact . | . . . Slashing . | . . . Piercing . | . . . Sneak Attacks . | . . . Combat Hostiles . | . . . Follow-up Attacks . | . . . Damage Inflicted 2225 | 196 173 1856 Guns 434 | 196 173 65 Cannons 1789 | . . 1789 Explosions 2 | . . 2 Melee . | . . . Ramming . | . . . Kinetic 2223 | 196 173 1854 Thermal 2 | . . 2 Explosive . | . . . Electromagnetic . | . . . Impact . | . . . Slashing . | . . . Piercing . | . . . Highest Corruption . | . . . Average Corruption . | . . . Corruption Purged . | . . . Corruption Blocked . | . . . Overload Shots . | . . . Overflow Damage 27 | . . 27 Projectiles 3 | . . 3 Explosions 24 | . . 24 Melee . | . . . Knockbacks 35 | . . 35 Impact . | . . . Kinetic 34 | . . 34 Secondary 1 | . . 1 Self-Inflicted Damage 120 | . . 120 Shots 2 | . . 2 Rammed . | . . . Targets Rammed . | . . . Kicked . | . . . Crushed . | . . . Highest Temperature 573 | . 12 573 Average Temperature 176 | . 8 184 Received Heat Transfer 450 | . 78 372 Effects 11 | . . 11 Shutdowns 1 | . . 1 Energy Bleed 3 | . . 3 Short Circuit 3 | . . 3 Damage (minor) 2 | . . 2 Damage (core) 2 | . . 2 Siege Activations . | . . . Robots Corrupted . | . . . Combat Hostiles . | . . . Parts Fried . | . . . Impact Corruptions . | . . . Robots Melted . | . . . Combat Hostiles . | . . . Parts Melted . | . . . Heat Transferred 50 | . . 50 Parts Sabotaged . | . . . Parts Stolen . | . . . Parts Stripped . | . . . Power Chain Reactions . | . . . Alert | -11 -10 -9 ------- Run | Yrd Mat Mat Peak Influence 341 | 25 110 341 Initial 46 | . 16 46 Average 69 | 10 76 79 Maximum Alert Level 1 | . . 1 Low Security (%) 96 | 100 100 94 Level 1 3 | . . 5 Level 2 . | . . . Level 3 . | . . . Level 4 . | . . . Level 5 . | . . . High Security . | . . . Max Security . | . . . Squads Dispatched 3 | . 2 1 Investigation . | . . . Extermination . | . . . Reinforcement 3 | . 2 1 Assault . | . . . Garrison . | . . . Intercept . | . . . Searches Triggered . | . . . Construction Impeded 1 | . . 1 Haulers Reinforced . | . . . Active Scanning Responses . | . . . Cargo Convoy Interrupts . | . . . Stealth | -11 -10 -9 --------- Run | Yrd Mat Mat Distress Signals 3 | . 1 2 Communications Jammed . | . . . Distress Signals . | . . . Times Spotted 32 | . 8 24 Peak Tracking Total 6 | . 2 6 Tactical Retreats . | . . . Traps | -11 -10 -9 ------- Run | Yrd Mat Mat Traps Triggered . | . . . Indirectly . | . . . Trap Hack Attempts . | . . . Triggered . | . . . Disarmed . | . . . Reprogrammed . | . . . Reused . | . . . Traps Extracted . | . . . Installed . | . . . Triggered . | . . . Machines | -11 -10 -9 ---------- Run | Yrd Mat Mat Machines Disabled 5 | . . 5 Max in Single Turn 3 | . . 3 Machines Repaired . | . . . Machines Dismantled . | . . . Machines Sabotaged . | . . . Overloaded Fab Kills . | . . . Hacking | -11 -10 -9 --------- Run | Yrd Mat Mat Machines Accessed 9 | . 3 6 Terminals 7 | . 3 4 Fabricators . | . . . Repair Stations 2 | . . 2 Recycling Units . | . . . Scanalyzers . | . . . Garrison Access . | . . . Total Hacks 25 | . 6 19 Successful 14 | . 3 11 Failed 11 | . 3 8 Catastrophic . | . . . Database Lockouts . | . . . Manual . | . . . Terminals 16 | . 6 10 Fabricators . | . . . Repair Stations 9 | . . 9 Recycling Units . | . . . Scanalyzers . | . . . Garrison Access . | . . . Terminal Hacks 9 | . 3 6 Record 2 | . . 2 Alert Level 2 | . . 2 Surveillance Status 1 | . 1 . Transport Status 1 | . . 1 Hauler Manifests 1 | . 1 . Zone Layout 2 | . 1 1 Fabricator Hacks . | . . . Repair Station Hacks 5 | . . 5 Scan Component 3 | . . 3 Repair 2 | . . 2 Recycling Unit Hacks . | . . . Scanalyzer . | . . . Garrison Access Hacks . | . . . Unauthorized Hacks . | . . . Terminals . | . . . Fabricators . | . . . Repair Stations . | . . . Recycling Units . | . . . Scanalyzers . | . . . Garrison Access . | . . . Data Cores Recovered 1 | . . 1 Used . | . . . Hacking Detections 8 | . 2 6 Full Trace Events 2 | . . 2 Feedback Events . | . . . Feedback Blocked . | . . . Robot Schematics Acquired . | . . . Robots Built . | . . . Authchips . | . . . Time . | . . . Total Robot Build Rating . | . . . Part Schematics Acquired . | . . . Parts Built . | . . . Authchips . | . . . Time . | . . . Total Part Build Rating . | . . . Parts Repaired 2 | . . 2 Time 62 | . . 62 Parts Recycled . | . . . Recycled Matter . | . . . Retrieved Matter . | . . . Retrieved Components . | . . . Parts Scanalyzed . | . . . Part Schematics Acquired . | . . . Parts Damaged . | . . . Bothacking | -11 -10 -9 ------------ Run | Yrd Mat Mat Used RIF Installer . | . . . Robots Hacked . | . . . Non-combat . | . . . Combat . | . . . Robot Hacks Applied . | . . . Relay Couplers Released . | . . . Fabnet Peak Effective % . | . . . Robots Rewired . | . . . Allies Hacked . | . . . Hacks Repelled . | . . . Allies | -11 -10 -9 -------- Run | Yrd Mat Mat Total Allies . | . . . Largest Group . | . . . Highest-Rated Group . | . . . Highest-Rated Ally . | . . . Total Orders . | . . . Ally Attacks . | . . . Total Damage . | . . . Kills . | . . . Allies Corrupted . | . . . Allies Melted . | . . . Intel | -11 -10 -9 ------- Run | Yrd Mat Mat Robot Analysis Total . | . . . Derelict Logs Recovered . | . . . Drone Launches . | . . . Drone Recoveries . | . . . Exploration | -11 -10 -9 ------------- Run | Yrd Mat Mat Turns Passed 1710 | 234 295 1181 Spaces Moved 832 | 115 156 561 Core 14 | 14 . . Treads 498 | 101 148 249 Legs . | . . . Wheels 320 | . 8 312 Hover . | . . . Flight . | . . . Fastest Speed 50 | 50 95 110 Average Speed 151 | 146 156 151 Slowest Speed 320 | 160 160 320 Overloaded Moves . | . . . Propulsion Burnouts . | . . . Robots Hopped . | . . . Cave-ins Triggered . | . . . Exploration Rate (%) 32 | 7 42 48 Regions Visited 2 Branch Regions . Pre-discovered Areas . | . . . Known Exits Taken . | . . . Unknown Exits Taken 2 | 1 1 . Scrap Searched . | . . . Spaces Dug . | . . . Terrain Destroyed 75 | . . 75 Melee . | . . . Projectile . | . . . AOE 75 | . . 75 Terrain Rammed . | . . . Walls Destroyed . | . . . Machines Disabled . | . . . Actions | -11 -10 -9 --------- Run | Yrd Mat Mat Total 1096 | 150 178 768 Wait 98 | 1 . 97 Move 830 | 114 155 561 Hop . | . . . Pick Up 34 | 9 3 22 Fast Attach . | . . . Attach 18 | 7 . 11 Detach 2 | . . 2 Swap 15 | . 3 12 Drop 6 | . . 6 Fire 93 | 19 17 57 Melee . | . . . Ram . | . . . Kick . | . . . Crush . | . . . Escape Stasis . | . . . Rewire . | . . . Trap . | . . . Miscellaneous . | . . . Route ------- -11/Scrapyard -10/Materials (discovered 3 exits: *Mat x2 / [*Min]) -9/Materials (discovered 2 exits: [*Mat] / [*Min]) History --------- Turn | Location | Event 43 | -11/Scrapyard | Discovered new exit (range 15) 235 | -11/Scrapyard | Entered Materials 288 | -10/Materials | Discovered new exit (range 16) 304 | -10/Materials | Build established: Mutant 433 | -10/Materials | Discovered new exit (range 12) 491 | -10/Materials | Discovered new exit (range 8) 530 | -10/Materials | Entered another Materials area 530 | -9/Materials | Evolved 2 slots: Utility x1, Weapon x1 981 | -9/Materials | Discovered new exit (range 16) 1075 | -9/Materials | Build established: Tank 1138 | -9/Materials | Repaired Lgt. Armor Plating 1175 | -9/Materials | Repaired Broken Sensor Array 1337 | -9/Materials | Discovered new exit (range 14) 1691 | -9/Materials | Core integrity fell below 50% 1711 | -9/Materials | Self-destructed Last Messages --------------- 01692_ K-01 Serf collects debris. 01693_ Overheating: Energy bleed (-20). 01694_ Wheel destroyed. 01695_ G-34 Mercenary knocked back. 01696_ W-16 Scout sends out distress signal. 01698_ G-34 Mercenary destroyed. 01701_ Overheating: Sensor Array damaged (-9). 01702_ Overheating: Core damaged (-52). 01703_ Overheating: Hrd. Light Armor Plating damaged (-16). 01706_ T-07 Excavator is excavating. 01708_ Flak Cannon broken. 01708_ Overheating: Short circuit. 01708_ Broken Flak Cannon destroyed. 01709_ S-10 Pest destroyed. 01709_ G-34 Mercenary destroyed. 01710_ K-01 Serf collects debris. 01710_ T-07 Excavator is excavating. 01711_ Flak Cannon broken. 01711_ Overheating: Short circuit. Map ----- +----------------------------------------------------+ | =[ [! #?????# #?????????????????????????? | | = [= "!#?????#####+####?????????????????????????? | | =! "!######### #??????????????????????????? | | * / = #??????????????????????????? | | ]] = !!######### #??????????????????????????? | | ! = *#???????# #??????????????????????????? | | * #???????# #########??????????????????? | | #???????## #" # # #??????????????????? | | #????????# " ##??????????????????? | | ######### ?????# """""""""##?????????????????? | | " """"## ?????# "" ##????????????????? | | " !"! "## ????## "" "#????????????????? | | " "##+####### " "##???????????????? | | " #???????????????? | | < T %* " #???????????????? | | " #???????????????? | | ##+####### *" "##???????????????? | | ######## ????## #" " #???????????????? | | ???????# ?????# ## "##???????????????? | | ???????# ?????# ##"=|!"######??##???????????? | | ???????# ?????# ####%#" # k#???????????? | | ???????# ????## ##?#!## t #???????????? | | ???????# ????# ### ## #???????????? | | ???????# ###????# *! # ??????????????? | | ???????###??????# ss%=% #??????????????? | | ????????????????# =%* @ # #??????????????? | | ????????????????# ## ] ########??????????????? | | ????????????????### #### #?????????????????????? | | ??????????????????# ???#=% #?????????????????????? | | ??????????????????# ???# ! #?????????????????????? | | ??????????????????# ???# w ?????????????????????? | | ??????????????????# ???##+###????????????????????? | | ??????????????????# ???? ??????????????????????? | | ??????????????????# ????=! ??????????????????????? | | ??????????????????# ????=! ??????????????????????? | | ??????????????????#?????! ??????????????????????? | | ???????????????????????? ??????????????????????? | | ???????????????????????? ??????????????????????? | | ???????????????????????? ??????????????????????? | | ???????????????????????? ??????????????????????? | | ???????????????????????? ??????????????????????? | | ????????????????????????###??????????????????????? | | ?????????????????????????????????????????????????? | | ?????????????????????????????????????????????????? | | ?????????????????????????????????????????????????? | | ?????????????????????????????????????????????????? | | ?????????????????????????????????????????????????? | | ?????????????????????????????????????????????????? | | ?????????????????????????????????????????????????? | | ?????????????????????????????????????????????????? | +----------------------------------------------------+ Best States ------------- Heat Dissipation 28 Energy Generation 12 Energy Capacity 265 Matter Stores 300 Matter Capacity 300 Sight Range 16 Robot Scan Range 14 Terrain Scan Range 16 Terrain Scan Density 10 Armor Coverage 150 Utility Shielding 33 Evasion (%) 50 Recoil Reduction 2 Authchip Count 3 Item Schematics ----------------- None Robot Schematics ------------------ None Fabricated ------------ Nothing Alien Tech Used ----------------- None Achievements -------------- More Dakka Please Challenges ------------ None Game ------ Seed CloakDeuteriumMachine Manual? 0 Play Time 00:22:55 Cumulative 12.6 hours Start 2024.04.17 @ 17:17:52 End 2024.04.17 @ 17:38:34 Sessions 1 Manual Loads 0 Difficulty Rogue Special Mode None Game No. 19 Rogue 19 Adventurer 0 Explorer 0 Win Type - Total 0 Types 0/0/0/0/0/0/0/0/0 Lore% 13 Gallery% 13 Achievement% 13 Wizard Run 0 Options --------- Layout 1 ASCII 0 Keyboard 0 Movement Numpad Keybinds 0 Fullscreen 1 Font 24/Smallcaps Map View 50x35 Zoom Use 0% Tactical HUD 1 Map Filters NONE Filters NONE Steam 1 RUN: 492c93a8-70ed-455d-bc8a-0e137c3706bc